 Dungeon Crawl Stone Soup version 0.27.0-1-g7a089689b8 (webtiles) character file.

Game seed: 1556036604532099757

385 theswoord the Twirler (level 6, 0/44 HPs)
             Began as a Demonspawn Gladiator on Aug 5, 2021.
             Was an Initiate of Okawaru.
             Succumbed to an orc warrior's poison
             ... on level 4 of the Dungeon.
             The game lasted 00:05:36 (4006 turns).

theswoord the Twirler (Demonspawn Gladiator)        Turns: 4006, Time: 00:05:36

Health: 0/44       AC: 12    Str: 17    XL:     6   Next: 48%
Magic:  5/5        EV:  6    Int:  9    God:    Okawaru [......]
Gold:   216        SH:  0    Dex: 22    Spells: 5/5 levels left

rFire    . . .     SeeInvis .   a - +0 quarterstaff
rCold    . . .     Faith    .   (shield currently unavailable)
rNeg     . . .     Spirit   .   t - +0 plate armour
rPois    .         Reflect  .   (helmet restricted)
rElec    .         Harm     .   (no cloak)
rCorr    .         Rampage  .   (no gloves)
Will     .....                  (no boots)
Stlth    ..........             (no amulet)
HPRegen  0.14/turn              g - +6 ring of dexterity
MPRegen  0.09/turn              (no ring)

@: lethally poisoned (0 -> -4)
A: horns 1, slimy green scales 1, demonic guardian 1, powered by death 2, agile
1, low mp 1
a: Renounce Religion


You were on level 4 of the Dungeon.
You worshipped Okawaru.
Okawaru was noncommittal.
You visited 1 branch of the dungeon, and saw 4 of its levels.

You collected 216 gold pieces.

Inventory:

Hand Weapons
 a - a +0 quarterstaff (weapon)
Missiles
 d - 3 throwing nets (quivered)
Armour
 b - a +0 leather armour
 c - a +0 helmet
 t - a +0 plate armour (worn)
Jewellery
 e - a +6 ring of intelligence
 g - a +6 ring of dexterity (left hand)
Scrolls
 f - 2 scrolls of magic mapping
 j - a scroll of vulnerability
 p - a scroll of identify
Potions
 h - a potion of magic
 q - a potion of brilliance
 u - a potion of attraction


   Skills:
 - Level 2.0 Fighting
 + Level 6.7 Staves
 - Level 1.7 Throwing
 - Level 2.6 Dodging


You had 5 spell levels left.
You didn't know any spells.
Your spell library was empty.

Dungeon Overview and Level Annotations

Branches:
Dungeon (4/15)
 Temple: D:4-7

Altars:
Cheibriados
Gozag
Okawaru
The Shining One

Shops:
D:4 :*((


Innate Abilities, Weirdness & Mutations

You have a pair of small horns on your head.
You are partially covered in slimy green scales. (AC +2)
A weak demonic guardian rushes to your aid.
You regenerate health from kills.
You are agile. (Dex +2)
Your magical capacity is low. (-10% MP)


Message History

You are lethally poisoned!
You feel better.
The orc warrior hits you from afar with a +2 halberd of venom!
* * * LOW HITPOINT WARNING * * *
You are poisoned.
Things that are here:
a +0 dagger; a +0 robe
Okay, then.
Okay, then.
You feel very sick.
Your quasit bites the orc warrior but does no damage.
Your quasit claws the orc warrior but does no damage.
Your quasit barely misses the orc warrior.
The orc barely misses your quasit.
The orc warrior hits your quasit with a +2 halberd of venom.
You feel very sick.
Your quasit closely misses the orc warrior. x2
Your quasit barely misses the orc warrior.
The orc throws a stone.
The stone closely misses your quasit. The stone hits you but does no damage.
The orc warrior barely misses your quasit.
Your quasit closely misses the orc warrior.
Your quasit claws the orc warrior but does no damage.
Your quasit barely misses the orc warrior.
* * * LOW HITPOINT WARNING * * *
You feel sick. The orc barely misses your quasit.
Something closely misses your quasit.
An orc comes into view. It is wielding a +0 trident.
* * * LOW HITPOINT WARNING * * *
You feel sick.
The orc throws a stone.
The stone barely misses your quasit. The stone hits you but does no damage.
* * * LOW HITPOINT WARNING * * *
You feel sick.
The orc warrior closely misses your quasit.
Your quasit bites the orc warrior but does no damage.
Your quasit claws the orc warrior.
Your quasit claws the orc warrior but does no damage.
Okay, then.
Okay, then.
You die...

............#####......<......#
...######'#...................#
...#......#...................#
...#......#...................#
...#......#...................#
...'......#......####+#.......#**
...#......#......#,,,,#........,,
...#..##..#......#,,,,#........,,
...#..##..#.....@#,,,,*,,,,,,,,,,
...#..#...#......#,,,,********,,,
...+..#...#......#,,,,,* *,,,
......#...#......#,,,,,* *,,,
..............)..#****** *,,,
....##.....###5.#......* *,,,
....########.o).#..?...* *,,,
....#,***,#..#..#......* *,,,
....#,,**#.o##..#......* *,,,


You could see an orc warrior (ally target) and a friendly quasit (summoned).

Vanquished Creatures
  2 necrophages (D:4)
  An orc priest (D:4)
  An iguana (D:4)
  An orc wizard (D:4)
  4 adders (D:3)
  An ufetubus (D:2)
  4 worms
  4 dart slugs
  5 orcs
  7 ball pythons
  5 bats
  4 endoplasms
  6 giant cockroaches
  7 goblins
  11 hobgoblins
  A quokka (D:3)
  2 frilled lizards (D:1)
  4 kobolds
  2 rats
72 creatures vanquished.

Vanquished Creatures (collateral kills)
  An adder skeleton (D:4)
1 creature vanquished.

Grand Total: 73 creatures vanquished

Notes
Turn   | Place    | Note
-------+----------+-------------------------------------------
     0 | D:1      | theswoord the Demonspawn Gladiator began the quest for the
                  | Orb.
     0 | D:1      | Reached XP level 1. HP: 16/16 MP: 1/1
    53 | D:1      | Reached skill level 3 in Staves
   275 | D:1      | Gained mutation: You are partially covered in slimy green
                  | scales. (AC +2) [demonic ancestry]
   275 | D:1      | Reached XP level 2. HP: 8/22 MP: 2/2
   911 | D:1      | Gained mutation: Your magical capacity is low. (-10% MP)
                  | [potion of mutation]
   911 | D:1      | Gained mutation: You are agile. (Dex +2) [potion of
                  | mutation]
   935 | D:1      | Gained mutation: You have a pair of small horns on your
                  | head. [demonic ancestry]
   935 | D:1      | Reached XP level 3. HP: 4/27 MP: 2/2
  1395 | D:2      | Reached skill level 4 in Staves
  1884 | D:2      | Found a faded altar of an unknown god.
  2253 | D:3      | Gained mutation: You regenerate a little health from kills.
                  | [demonic ancestry]
  2253 | D:3      | Reached XP level 4. HP: 25/33 MP: 3/3
  2348 | D:3      | Found a faded altar of an unknown god.
  2470 | D:3      | Found an iron altar of Okawaru.
  2472 | D:3      | Found a faded altar of an unknown god.
  2474 | D:3      | Found an opulent altar of Gozag.
  2568 | D:3      | Became a worshipper of Warmaster Okawaru
  2688 | D:3      | Found a snail-covered altar of Cheibriados.
  3082 | D:3      | Reached skill level 5 in Staves
  3291 | D:4      | Noticed a necrophage
  3318 | D:4      | Killed a necrophage
  3319 | D:4      | Gained mutation: A weak demonic guardian rushes to your
                  | aid. [demonic ancestry]
  3319 | D:4      | Reached XP level 5. HP: 38/38 MP: 4/4
  3438 | D:4      | Found Senafer's Book Shop.
  3439 | D:4      | Found Ugoly's Weapon Shop.
  3446 | D:4      | Found Gakaj's Weapon Shop.
  3446 | D:4      | Found Bilecs's General Store.
  3597 | D:4      | Reached skill level 6 in Staves
  3882 | D:4      | Noticed a necrophage
  3890 | D:4      | Killed a necrophage
  3891 | D:4      | Gained mutation: You regenerate health from kills. [demonic
                  | ancestry]
  3891 | D:4      | Reached XP level 6. HP: 44/44 MP: 5/5
  3991 | D:4      | Noticed an orc warrior
  4004 | D:4      | HP: 2/44 [poisoned by an orc warrior]
  4006 | D:4      | Succumbed to an orc warrior's poison

Skill      XL: |  1  2  3  4  5 |
---------------+----------------+-----
Staves         | 3 4 5 6 |  6.7
Fighting       | |  2.0
Throwing       | |  1.7
Dodging        | |  2.6

Action                   |  1- 3 |  4- 6 || total
-------------------------+-------+-------++-------
Melee: Quarterstaff      |   113 |   108 ||   221
       Headbutt          |    11 |    18 ||    29
  Use: Potion            |     2 |     6 ||     8
       Scroll            |       |     9 ||     9
 Stab: Sleeping          |     1 |     2 ||     3
       Distracted        |       |     1 ||     1
Armor: Leather armour    |    39 |     6 ||    45
       Plate armour      |       |    32 ||    32
       Skin              |       |    15 ||    15
Dodge: Dodged            |    67 |    40 ||   107

Levels and vault maps discovered:
D:1:      lightli_molten_gateway, layout_loops_ring, minmay_vboxes
D:2:      layout_basic, hellmonk_ecumenical_altar_leap_of_faith
D:3:      corexii_shack_village, layout_loops_ring,
          chequers_temple_overflow_minitemple, lemuel_crystal_altar,
          minmay_misc_feat_roman, st_stairs_3
D:4:      layout_gridville, minmay_shop_grid_forest, guppyfry_early_orc_mine
